 Dungeon Crawl Stone Soup version 0.28.0 (webtiles) character file.

Game seed: 14986800017391621999

26 GrayStillPlays the Sneak (level 3, -2/16 HPs)
             Began as a Vine Stalker Enchanter on Feb 9, 2022.
             Slain by a quokka (3 damage)
             ... on level 2 of the Dungeon.
             The game lasted 00:01:33 (989 turns).

GrayStillPlays the Sneak (Vine Stalker Enchanter)    Turns: 989, Time: 00:01:34

Health: -2/16      AC:  3    Str: 10    XL:     3   Next: 8%
Magic:  0/7        EV: 12    Int: 15    God:
Gold:   52         SH:  0    Dex: 16    Spells: 7/7 levels left

rFire   . . .      SeeInvis .   a - +1 dagger {short}
rCold   . . .      Faith    .   (no shield)
rNeg    . . .      Spirit   +   b - +0 robe
rPois   .          Reflect  .   (no helmet)
rElec   .          Harm     .   (no cloak)
rCorr   .          Rampage  .   (no gloves)
Will    .....                   i - +0 pair of boots
Stlth   +++.......              (no amulet)
HPRegen 0.05/turn               (no ring)
MPRegen 0.10/turn               (no ring)

@: no status effects
A: fangs 2, magic shield, antimagic bite, no potion heal 2
a: no special abilities


You were on level 2 of the Dungeon.
You visited 1 branch of the dungeon, and saw 2 of its levels.

You collected 52 gold pieces.


Innate Abilities, Weirdness & Mutations

You have extremely sharp teeth.
When hurt, damage is shared between your health and your magic reserves.
Your bite disrupts and absorbs the magic of your enemies.
Potions cannot restore your health.


   Skills:
 + Level 1.3 Short Blades
 + Level 1.9 Dodging
 + Level 4.0 Stealth
 + Level 2.5 Spellcasting
 + Level 3.2 Hexes


You had 7 spell levels left.
You didn't know any spells.
Your spell library contained the following spells:

 Spells                   Type           Power      Damage    Failure   Level
 Ensorcelled Hibernation  Hex/Ice        12%        N/A       16%         2
 Confusing Touch          Hex            11%        N/A       17%         3
 Tukima's Dance           Hex            11%        N/A       17%         3
 Dazzling Flash           Conj/Hex       12%        N/A       32%         3

Inventory:

Hand Weapons
 a - a +1 dagger (weapon) {short}
Missiles
 d - 20 arrows
 k - 23 sling bullets
 l - 39 stones (quivered) {throwing}
Armour
 b - a +0 robe (worn)
 i - a +0 pair of boots (worn)
   (You found it on level 1 of the Dungeon)
Scrolls
 e - a scroll of summoning {unknown}
 h - a scroll of magic mapping {unknown}
Potions
 c - a potion of invisibility
 f - 2 potions of cancellation {unknown}
 g - 3 potions of heal wounds {unknown}
 j - a potion of curing {unknown}

Dungeon Overview and Level Annotations

Branches:
Dungeon (2/15)

Altars:

Shops:
D:1 : D:2

* #.....∩.#
#.......#.........##
........#..........
#.......#.........
#.......# .......
#.......# .....
........+ ...
#...(...# #.#
#.......#####@#
#.##<##.....Sr# # ##
#.......#
.............#
.#####.......#
.............
############.# #


You could see an adder and a quokka.


Message History

Your Stealth skill increases to level 4!
You have reached level 3!
Your experience leads to an increase in your attributes!
Increase (S)trength, (I)ntelligence, or (D)exterity?
You feel agile. x2 😕 HP[+3]
You now have 16 max hp (+3).
You regained 3 hp, and now have 15/16 hp.
You see here a +0 whip {mace}.
You see here a +0 short sword {short}.
Done exploring. 😎 HP[+1] MP[+2]
Your hp is fully restored (16).
Your mp is fully restored (7).
Done exploring.
Done exploring.
You see here a +0 short sword {short}.
There is a stone staircase leading down here.
You climb downwards.
There is a stone staircase leading up here.
An endoplasm is nearby!
An endoplasm comes into view.
The helpless endoplasm fails to defend itself.
You puncture the endoplasm!
You kill the endoplasm!
The endoplasm quivers.
A quokka comes into view.
The endoplasm freezes you.
You are frozen. 😕 HP[-3] MP[-1]
You take 3 damage, and now have 13/16 hp.
You lost 1 mp, and now have 6/7 mp.
You hit the endoplasm. You bite the endoplasm.
You kill the endoplasm!
An adder comes into view.
Found a stone staircase leading up.
The adder hisses angrily.
Found Ijuerhexoa's General Store.
The quokka barely misses you. The adder barely misses you.
The quokka barely misses you.
You hit the adder. You bite the adder. You drain its power.
You feel invigorated. The adder bites you but does no damage.
The quokka bites you. 😮 HP[-3]
You take 3 damage, and now have 10/16 hp.
You are too injured to fight recklessly!
You are too injured to fight recklessly!
You are too injured to fight recklessly!
You are too injured to fight recklessly!
You are too injured to fight recklessly!
You are too injured to fight recklessly!
You are too injured to fight recklessly!
You hit the adder but do no damage. The adder closely misses you.
The quokka bites you.
* * * LOW HITPOINT WARNING * * *
😨 HP[-2] MP[-1]
You take 2 damage, and now have 8/16 hp.
You lost 1 mp, and now have 5/7 mp.
You barely miss the adder. The adder closely misses you.
The quokka barely misses you. The adder bites you but does no damage.
You closely miss the adder. The quokka closely misses you. The adder bites you.
* * * LOW HITPOINT WARNING * * *
You are poisoned.
The adder poisons you! 😨 HP[-1]
You take 1 damage, and now have 7/16 hp.
* * * LOW HITPOINT WARNING * * *
You feel sick. 😨 HP[-2]
You take 2 damage, and now have 5/16 hp.
* * * LOW HITPOINT WARNING * * *
You feel sick. 😨 MP[+1]
* * * LOW HITPOINT WARNING * * *
You feel sick. The adder bites you. 😱 HP[-1] MP[-1]
You take 1 damage, and now have 4/16 hp.
You lost 1 mp, and now have 5/7 mp.
* * * LOW HITPOINT WARNING * * *
You feel sick. 😱 HP[-1]
You take 1 damage, and now have 3/16 hp.
* * * LOW HITPOINT WARNING * * *
You feel sick. 😱 HP[-1]
You take 1 damage, and now have 2/16 hp.
* * * LOW HITPOINT WARNING * * *
You feel sick.
You are no longer poisoned.
The adder closely misses you. 😱 HP[-1]
You take 1 damage, and now have 1/16 hp.
There is a stone staircase leading up here.
The adder closely misses you. The adder bites you. 😱 MP[-4]
You lost 4 mp, and now have 1/7 mp.
You hit the adder but do no damage. The adder bites you. 😱 MP[-1]
You lost 1 mp, and now have 0/7 mp.
You miss the adder. The quokka bites you.
You die...

Skill      XL: |  1  2 |
---------------+-------+-----
Short Blades   | 1 |  1.3
Stealth        | 4 |  4.0
Dodging        | |  1.9
Spellcasting   | |  2.5
Hexes          | |  3.2

Action                   || total
-------------------------++-------
Melee: Dagger            ||    75
       Bite              ||    19
 Stab: Sleeping          ||     4
Armor: Robe              ||    27
Dodge: Dodged            ||    57

Levels and vault maps discovered:
D:1:      dpeg_arrival_rooms_with_view, layout_loops_cross, serial_shops,
          nicolae_shop_competitors_out_of_business
D:2:      layout_basic, serial_shops, shop

Notes
Turn   | Place    | Note
-------+----------+-------------------------------------------
     0 | D:1      | GrayStillPlays the Vine Stalker Enchanter began the quest
                  | for the Orb.
     0 | D:1      | Reached XP level 1. HP: 9/9 MP: 4/4
     0 | D:1      | magus.rc [v1.9.6]
    45 | D:1      | Reached skill level 1 in Short Blades
   159 | D:1      | Reached XP level 2. HP: 13/13 MP: 6/6
   702 | D:1      | Found Ysoreh's Book Shoppe.
   844 | D:1      | Reached skill level 4 in Stealth
   844 | D:1      | Reached XP level 3. HP: 15/16 MP: 5/7
   973 | D:2      | Found Ijuerhexoa's General Store.
   981 | D:2      | HP: 4/16 [poisoned by an adder]
   984 | D:2      | HP: 1/16 [poisoned by an adder]
   989 | D:2      | Slain by a quokka

Vanquished Creatures
  A dart slug (D:1)
  3 ball pythons (D:1)
  4 endoplasms
  A goblin (D:1)
  3 hobgoblins (D:1)
  2 jackals (D:1)
  4 bats (D:1)
  A frilled lizard (D:1)
  2 kobolds (D:1)
21 creatures vanquished.

Table legend:
 A = Non-vault XP
 B = Vault XP
 C = Vault XP percentage of total XP
 D = Non-vault monster count
 E = Vault monster count
 F = Vault count percentage of total count
                 A         B        C        D         E       F
            +---------+---------+-------+---------+---------+-------
      Total |      34 |       4 |  10.5 |      19 |       2 |   9.5
            +---------+---------+-------+---------+---------+-------
        D:1 |      30 |       4 |  11.8 |      17 |       2 |  10.5
        D:2 |       4 |       0 |   0.0 |       2 |       0 |   0.0
            +---------+---------+-------+---------+---------+-------

Illustrated notes

Table legend:
 A = Kills in this place as a percentage of kills in entire the game.
 B = Kills by you in this place as a percentage of kills by you in the entire game.
 C = Kills by friends in this place as a percentage of kills by friends in the entire game.
 D = Other kills in this place as a percentage of other kills in the entire game.
 E = Experience gained in this place as a percentage of experience gained in the entire game.
 F = Experience gained in this place divided by the number of levels of this place that you have seen.
                   A       B       C       D       E      F
               +-------+-------+-------+-------+-------+----------------------
         Total | 100.0 | 100.0 |   N/A |   N/A | 100.0 |  19.0
       Dungeon | 100.0 | 100.0 |   N/A |   N/A | 100.0 |  19.0
               +-------+-------+-------+-------+-------+----------------------

Table legend: (Time is in decaauts)
 A = Elapsed time spent in this place.
 B = Non-inter-level travel time spent in this place.
 C = Inter-level travel time spent in this place.
 D = Time resting spent in this place.
 E = Time spent auto-exploring this place.
 F = Levels seen in this place.
 G = Mean time per level.
                   A        B        C        D        E       F      G
               +--------+--------+--------+--------+--------+-----+--------+
         Total |    984 |    973 |     11 |      0 |    791 |   2 |  492.0 |
       Dungeon |    984 |    973 |     11 |      0 |    791 |   2 |  492.0 |
               +--------+--------+--------+--------+--------+-----+--------+

Top non-repeatable levels by time:
     D:1: 959 daAuts
     D:2: 25 daAuts
